Map: 机械城 - 天梯版

Players

Demi

  • Race: Zerg Zerg
  • League: Diamond

MeomaikA - Winner!

  • Race: Zerg Zerg
  • League: Bronze

Event: WESG 2018 Grand Finals

VOD

Have the link to the VOD?

Description

Time

  • Played on: March 11, 2019, 4:08 a.m.
  • Length: 17:20

All games in this series

Show
View Real Time Build Order
Export as new Build Order

Demi Zerg 

Build Orders: Hatch First 

Get SALT Encoding   

  12  0:00  Drone  
  13  0:12  Overlord  
  13  0:18  Drone  
  14  0:30  Drone x2  
  16  0:49  Hatchery  
  15  0:52  Drone  
  15  0:56  Drone  
  17  0:59  Drone  
  18  1:09  Extractor  
  17  1:16  Spawning Pool  
  17  1:18  Drone  
  17  1:21  Drone  
  18  1:29  Drone  
  19  1:39  Drone  
  20  1:50  Overlord  
  20  2:02  Queen x2  
  20  2:03  Zergling x2  
  20  2:04  Drone  
  26  2:09  Metabolic Boost  
  26  2:13  Drone  
  27  2:15  Drone  
  29  2:22  Drone  
  29  2:23  Drone  
  30  2:33  Drone  
  31  2:42  Hatchery  
  30  2:45  Drone  
  30  2:49  Baneling Nest  
  30  2:52  Overlord  
  30  3:01  Zergling x6  
  30  3:05  Zergling x2  
  33  3:08  Zergling x2  
  33  3:12  Zergling x6  
  37  3:15  Zergling x2  
  37  3:17  Zergling x2  
  39  3:22  Overlord  
  39  3:26  Drone x2  
  41  3:32  Baneling x3  
  41  3:35  Zergling x2  
  41  3:36  Zergling x2  
  41  3:41  Zergling x4  
  43  3:53  Drone x4  
  46  3:58  Baneling  
  46  4:00  Overlord  
  46  4:02  Hatchery  
  45  4:12  Queen, Drone x2  
  45  4:16  Overlord  
  49  4:23  Zergling x4  
  50  4:26  Drone x2  
  50  4:27  Drone x2  
  54  4:31  Drone  
  54  4:35  Roach Warren  
  53  4:39  Overlord  
  53  4:41  Zergling x4  
  53  4:42  Baneling  
  53  4:45  Baneling x2  
  55  4:53  Extractor  
  54  5:04  Drone x4  
  54  5:06  Evolution Chamber  
  57  5:09  Drone  
  57  5:10  Drone x2  
  60  5:17  Overlord  
  60  5:20  Drone x3  
  63  5:21  Extractor  
  63  5:27  Queen  
  63  5:33  Drone x2  
  61  5:36  Roach  
  61  5:37  Roach x5  
  61  5:42  Roach x3  
  79  5:47  Zerg Missile Weapons Level 1  
  79  5:51  Lair  
  79  5:57  Overlord x2  
  79  6:00  Drone x2  
  81  6:11  Roach x4  
  88  6:18  Overlord  
  88  6:23  Drone x5  
  93  6:26  Overlord  
  93  6:27  Extractor  
  93  6:31  Drone x2  
  93  6:32  Drone  
  95  6:37  Queen  
  93  6:43  Roach x4  
  101  6:49  Overlord  
  101  6:51  Glial Reconstitution  
  101  6:53  Overseer  
  101  7:04  Overlord  
  100  7:11  Drone  
  100  7:12  Drone x5  
  100  7:13  Drone x6  
  100  7:15  Extractor  
  111  7:16  Extractor  
  111  7:20  Spire  
  111  7:21  Roach x2  
  113  7:23  Roach  
  113  7:28  Roach x2  
  113  7:29  Roach  
  119  7:36  Drone x2  
  121  7:39  Overlord  
  121  7:40  Overlord  
  121  7:41  Zerg Missile Weapons Level 2  
  123  7:44  Roach  
  123  7:47  Roach  
  123  7:48  Roach  
  123  7:51  Overlord  
  127  7:52  Overlord  
  127  8:00  Drone x2  
  129  8:12  Drone  
  130  8:15  Hatchery  
  130  8:17  Overseer  
  129  8:32  Mutalisk  
  129  8:33  Mutalisk x8  
  147  8:35  Overlord x3  
  147  8:37  Roach x2  
  147  8:38  Roach  
  153  8:49  Mutalisk x2  
  153  8:53  Zerg Flyer Weapons Level 1  
  157  8:56  Roach x2  
  157  9:00  Overlord x3  
  160  9:18  Roach x9  
  178  9:36  Roach  
  178  9:37  Roach x9  
  198  9:51  Roach x6  
  179  9:58  Roach  
  179  9:59  Roach x4  
  159  10:04  Queen  
  157  10:09  Roach x3  
  159  10:18  Roach x2  
  159  10:22  Ravager  
  159  10:23  Ravager x2  
  159  10:24  Ravager x2  
  164  10:38  Extractor  
  164  10:39  Queen  
  164  10:41  Hatchery  
  164  10:42  Extractor  
  161  10:45  Roach x7  
  157  10:57  Roach x6  
  165  11:07  Roach x5  
  175  11:17  Spore Crawler  
  175  11:18  Roach x3  
  174  11:20  Spore Crawler  
  174  11:25  Overlord  
  177  11:27  Spore Crawler  
  177  11:32  Overlord  
  176  11:37  Overlord x2  
  176  11:43  Overlord  
  174  11:56  Roach  
  174  11:57  Roach x3  
  180  12:09  Spore Crawler  
  180  12:12  Roach, Spore Crawler  
  180  12:13  Roach x3  
  184  12:26  Roach, Spore Crawler  
  184  12:27  Roach x3  
  191  12:43  Overlord  
  185  12:44  Queen  
  185  12:50  Queen  
  187  12:56  Overlord x2  
  187  12:57  Overlord  
  185  13:13  Drone  
  185  13:14  Drone x2  
  187  13:35  Corruptor  
  187  13:36  Corruptor x5  
  197  13:42  Corruptor  
  193  13:57  Spore Crawler  
  193  13:59  Corruptor x3  
  196  14:05  Corruptor  
  196  14:07  Ravager  
  198  14:27  Corruptor x3  
  194  14:32  Corruptor  
  194  14:36  Drone x3  
  191  14:39  Ravager  
  190  14:49  Corruptor  
  192  14:55  Roach x2  
  194  15:11  Ravager x4  
  186  15:24  Roach  
  186  15:25  Roach x6  
  193  15:42  Roach x8  
  135  15:50  Roach x3  
Show
View Real Time Build Order
Export as new Build Order

MeomaikA Zerg - Winner!

Build Orders: Hatch First 

Get SALT Encoding   

  12  0:00  Drone  
  13  0:08  Drone  
  14  0:17  Overlord  
  14  0:26  Drone, Extractor  
  15  0:35  Drone  
  15  0:36  Drone  
  17  0:52  Hatchery  
  17  0:55  Drone  
  17  0:57  Extractor  
  16  1:11  Spawning Pool  
  16  1:15  Drone  
  16  1:18  Drone  
  17  1:22  Drone  
  18  1:27  Drone  
  19  1:37  Overlord  
  19  1:48  Drone  
  20  1:57  Metabolic Boost, Queen  
  22  2:04  Queen  
  24  2:09  Drone  
  24  2:11  Drone  
  24  2:15  Drone  
  27  2:31  Hatchery  
  27  2:33  Zergling x2  
  27  2:36  Zergling x2  
  28  2:39  Zergling x2  
  28  2:41  Zergling x2  
  30  2:44  Zergling x2  
  30  2:47  Zergling x2  
  30  2:51  Zergling x2  
  33  3:01  Zergling x2  
  33  3:02  Zergling x2  
  33  3:03  Drone  
  36  3:07  Overlord  
  36  3:09  Baneling Nest  
  36  3:11  Zergling x2  
  36  3:15  Overlord  
  36  3:22  Overlord  
  37  3:27  Zergling x4  
  37  3:29  Drone  
  37  3:30  Drone  
  37  3:33  Drone  
  40  3:43  Drone x2  
  40  3:44  Drone  
  40  3:45  Drone x2  
  45  3:52  Drone x2  
  47  3:56  Baneling x2  
  47  4:00  Baneling  
  47  4:01  Drone x3  
  50  4:04  Zergling x2  
  50  4:06  Zergling x2  
  50  4:08  Zergling x2  
  53  4:10  Drone  
  54  4:20  Zergling x4  
  54  4:22  Roach Warren  
  54  4:23  Drone  
  55  4:24  Drone  
  55  4:29  Drone x2  
  55  4:30  Drone  
  59  4:32  Drone  
  59  4:33  Drone  
  59  4:35  Drone  
  62  4:39  Overlord  
  62  4:40  Drone  
  62  4:42  Extractor  
  62  4:43  Drone  
  62  4:44  Drone  
  64  4:47  Drone  
  64  4:49  Overlord  
  65  4:53  Overlord  
  64  5:02  Roach x3  
  64  5:04  Overlord  
  70  5:08  Roach x2  
  70  5:11  Queen  
  70  5:13  Drone  
  77  5:15  Drone  
  77  5:16  Drone  
  77  5:18  Drone, Extractor  
  77  5:19  Drone  
  77  5:21  Drone  
  81  5:22  Drone  
  81  5:23  Drone  
  81  5:27  Drone  
  84  5:32  Drone  
  84  5:35  Roach  
  84  5:36  Roach x2  
  84  5:38  Roach x3  
  93  5:44  Lair  
  93  5:46  Drone x2  
  93  5:48  Evolution Chamber  
  93  5:49  Extractor  
  93  5:51  Overlord  
  93  5:53  Overlord  
  93  6:10  Roach x2  
  97  6:12  Drone x2  
  97  6:14  Hatchery  
  98  6:19  Overlord, Drone x4  
  98  6:21  Roach x2  
  98  6:23  Zerg Missile Weapons Level 1  
  98  6:24  Overlord  
  106  6:26  Overlord  
  106  6:29  Overlord  
  106  6:39  Drone x4  
  107  6:40  Roach x2  
  107  6:41  Roach, Glial Reconstitution  
  107  6:46  Extractor  
  112  6:50  Roach, Spire  
  112  6:53  Roach x2  
  117  6:57  Roach  
  117  6:58  Roach x2  
  117  7:01  Roach  
  125  7:02  Overlord  
  125  7:05  Extractor  
  125  7:06  Drone x2  
  125  7:07  Drone  
  127  7:09  Roach  
  127  7:11  Roach  
  127  7:14  Drone x2  
  127  7:15  Roach  
  135  7:18  Roach  
  135  7:20  Overlord  
  135  7:21  Overlord  
  136  7:24  Roach  
  136  7:25  Roach  
  136  7:28  Roach  
  136  7:29  Roach  
  142  7:30  Roach  
  142  7:32  Drone  
  142  7:33  Drone x2  
  142  7:36  Roach  
  149  7:43  Roach x4  
  149  7:44  Roach  
  159  7:48  Roach x2  
  159  7:49  Overlord  
  163  7:52  Roach  
  165  8:03  Mutalisk  
  167  8:08  Mutalisk x2  
  167  8:10  Overlord x2, Roach x2  
  175  8:13  Extractor  
  175  8:18  Zergling x2  
  175  8:19  Overseer  
  175  8:25  Zerg Missile Weapons Level 2  
  175  8:27  Roach x2  
  176  8:29  Roach x5  
  176  8:30  Roach x3  
  192  8:51  Overlord  
  192  8:53  Overlord x2  
  192  8:54  Extractor  
  189  9:25  Corruptor x5  
  199  9:33  Spore Crawler  
  199  9:35  Spore Crawler  
  199  9:37  Corruptor x3  
  199  9:39  Spore Crawler  
  199  9:45  Hydralisk Den  
  174  9:55  Corruptor  
  174  9:56  Corruptor x3  
  174  9:57  Roach x14  
  174  9:59  Roach  
  184  10:02  Roach  
  184  10:03  Roach  
  184  10:06  Roach  
  164  10:07  Roach  
  164  10:11  Roach x2  
  164  10:14  Roach  
  145  10:16  Roach  
  145  10:18  Roach  
  145  10:21  Roach x2  
  143  10:24  Roach  
  143  10:26  Roach  
  143  10:28  Roach  
  151  10:30  Roach  
  153  10:36  Roach  
  153  10:39  Roach  
  153  10:41  Roach, Zerg Ground Armor Level 1  
  159  10:43  Roach  
  159  10:45  Roach  
  159  10:47  Roach  
  156  10:50  Roach  
  156  10:54  Roach  
  148  11:01  Roach x2  
  152  11:05  Ravager  
  152  11:06  Ravager x9  
  152  11:07  Roach  
  164  11:17  Roach x2  
  166  11:21  Roach  
  161  11:36  Overlord x3  
  161  11:38  Overlord  
  161  11:39  Overlord x2  
  155  11:49  Mutalisk x4  
  155  11:51  Overlord  
  159  11:57  Mutalisk x2  
  159  12:02  Roach  
  158  12:08  Mutalisk  
  158  12:12  Drone  
  161  12:16  Mutalisk  
  161  12:21  Mutalisk  
  165  12:28  Mutalisk  
  166  12:32  Drone x2  
  158  12:56  Drone x10  
  168  13:06  Zerg Ground Armor Level 2  
  168  13:09  Roach  
  170  13:13  Roach  
  170  13:17  Roach  
  174  13:22  Roach x2  
  178  13:28  Roach x2  
  178  13:31  Roach  
  180  13:34  Roach  
  180  13:36  Roach  
  180  13:40  Drone x2  
  180  13:41  Drone x2  
  186  13:44  Roach  
  188  13:49  Roach  
  190  13:56  Roach x3  
  190  14:01  Ravager  
  197  14:05  Spine Crawler  
  197  14:06  Spine Crawler, Ravager x3  
  197  14:07  Ravager  
  199  14:48  Infestation Pit  
  198  14:58  Hatchery  
  194  15:00  Roach x2  
  194  15:01  Roach  
  199  15:18  Spore Crawler  
  191  15:26  Roach x2  
  191  15:27  Roach  
  167  15:43  Roach x11  
  167  15:48  Roach  
  175  15:53  Roach  
  175  15:54  Queen x4  
  175  15:55  Roach x2  
Tags
 
Add a new tag
Caveats
  • Supply blocks, unpowered buildings, or Contaminate may cause inaccurate times.
  • Supply counts are checked every 10 seconds.